 Dungeon Crawl Stone Soup version 0.23-a0-394-g6ce9549 (webtiles) character file.

134 BingusPrime the Ruffian (level 4, -1/35 HPs)
             Began as a Draconian Transmuter on Oct 31, 2018.
             Was an Initiate of Fedhas.
             Slain by a worker ant (6 damage)
             ... on level 4 of the Dungeon.
             The game lasted 00:09:34 (3117 turns).

BingusPrime the Ruffian (Draconian Transmuter)      Turns: 3117, Time: 00:09:35

Health: -1/35      AC:  7    Str: 13    XL:     4   Next: 95%
Magic:  8/16       EV:  9    Int: 13    God:    Fedhas [......]
Gold:   147        SH:  8    Dex: 12    Spells: 4/7 levels left

rFire    . . .     SeeInvis .   o - staff of death
rCold    . . .     Gourm    .   i - +1 shield
rNeg     + . .     Faith    .   (armour unavailable)
rPois    .         Spirit   .   (helmet restricted)
rElec    .         Reflect  .   e - +0 cloak
rCorr    .         Harm     .   n - +0 pair of gloves
MR       .....                  (no boots)
Stlth    +.........             (no amulet)
HPRegen  0.11/turn              b - ring of magical power
MPRegen  0.15/turn              f - ring of wizardry

@: lethally poisoned (-1 -> -6), very slightly contaminated
A: unfitting armour, cold-blooded, AC +5
a: Fungal Bloom, Renounce Religion


You were on level 4 of the Dungeon.
You worshipped Fedhas.
Fedhas was noncommittal.
You were not hungry.

You visited 1 branch of the dungeon, and saw 4 of its levels.

You collected 147 gold pieces.

Inventory:

Missiles
 a - 29 arrows
 m - 5 tomahawks (quivered)
Armour
 e - a +0 cloak (worn)
 i - a +1 shield (worn)
 n - a +0 pair of gloves (worn)
Magical Staves
 o - an uncursed staff of death (weapon)
Jewellery
 b - a ring of magical power (left hand)
 f - a ring of wizardry (right hand)
Scrolls
 d - a scroll of magic mapping
 g - 2 scrolls of enchant armour
 h - 5 scrolls of remove curse
 j - a scroll of amnesia {unknown}
 k - 4 scrolls of identify
Potions
 l - a potion of degeneration {unknown}
Comestibles
 c - 8 rations


   Skills:
 + Level 1.3 Fighting
 + Level 2.0 Dodging
 + Level 0.4 Stealth
 + Level 0.5 Shields
 * Level 4.5 Unarmed Combat
 + Level 2.3 Spellcasting
 + Level 3.1 Transmutations


You had 4 spell levels left.
You knew the following spells:

 Your Spells              Type           Power        Failure   Level  Hunger
a - Beastly Appendage     Tmut           #.....       17%         1    #......
b - Sticks to Snakes      Tmut           #.......     26%         2    ###....

Your spell library contained the following spells:

 Spells                   Type           Power        Failure   Level  Hunger
 Spider Form              Tmut/Pois      #.........   67%         3    ###....
 Ice Form                 Ice/Tmut       #.......     96%         4    #####..
 Blade Hands              Tmut           #.........   99%         5    ######.


Dungeon Overview and Level Annotations

Branches:
Dungeon (4/15)
 Temple: D:4-7

Altars:
Fedhas
Gozag
Yredelemnul
The Shining One


Innate Abilities, Weirdness & Mutations

Your plain brown scales are hard. (AC +5)
You cannot fit into any form of body armour.
You are cold-blooded and may be slowed by cold attacks.


Message History

You hit the worker ant.
The worker ant is severely wounded.
You feel sick.
Your ball python bites the worker ant but does no damage.
The worker ant bites you but does no damage.
Your ball python bites the worker ant but does no damage.
Your ball python constricts the worker ant.
Your ball python bites the worker ant but does no damage. x2
You hit the worker ant.
The worker ant is severely wounded.
You feel sick.
Your ball python dies!
The worker ant bites you.
* * * LOW HITPOINT WARNING * * *
Your ball python closely misses the worker ant. x2
Your ball python bites the worker ant but does no damage.
Your ball python closely misses the worker ant.
The worker ant bites you.
You die...
Fedhas appreciates your contribution to the ecosystem.

#+# ########.#
.....##.#####
...##..<... ##
#.#S..## ..
#.@a...#
#!##.#S..###.#
#............#
#.######.###.......
#.....<..# #######
#..(.....#
##########


You could see a worker ant and 2 friendly ball pythons.

Vanquished Creatures
  A worker ant (D:3)
  6 adders
  2 worms (D:2)
  An orc (D:3)
  3 giant cockroaches
  A hobgoblin (D:1)
  9 jackals
  A quokka (D:2)
  2 bats (D:1)
  3 frilled lizards
  5 goblins
  6 kobolds
  5 rats
45 creatures vanquished.

Vanquished Creatures (collateral kills)
  An adder (D:3)
1 creature vanquished.

Vanquished Creatures (others)
  9 toadstools
9 creatures vanquished.

Grand Total: 55 creatures vanquished

Notes
Turn   | Place    | Note
-------+----------+-------------------------------------------
     0 | D:1      | BingusPrime the Draconian Transmuter began the quest for
                  | the Orb.
     0 | D:1      | Reached XP level 1. HP: 16/16 MP: 3/3
   129 | D:1      | Reached XP level 2. HP: 20/23 MP: 5/5
   790 | D:2      | Found a blossoming altar of Fedhas.
   795 | D:2      | Reached XP level 3. HP: 11/28 MP: 6/6
   987 | D:2      | Found a glowing golden altar of the Shining One.
  1006 | D:2      | Reached skill level 4 in Unarmed Combat
  1024 | D:2      | Became a worshipper of Fedhas Madash
  1416 | D:2      | Reached XP level 4. HP: 20/35 MP: 7/7
  2654 | D:3      | Found a basalt altar of Yredelemnul.
  2654 | D:3      | Found an opulent altar of Gozag.
  2742 | D:3      | Learned a level 2 spell: Sticks to Snakes
  3117 | D:4      | Slain by a worker ant

Vault maps used:
D:1:      lemuel_arrival_broad_hall
D:2:      fedhas_altar_1, tso_oasis_becter, first_ration
D:3:      gammafunk_temple_overflow_pools
D:4:      grunt_temple_overflow_open, minmay_temple_entry_hall,
          grunt_decor_one_mirror, minmay_checkerbox

Skill      XL: |  1  2  3  4 |
---------------+-------------+-----
Unarmed Combat | 4 |  4.5
Transmutations | 3 |  3.1
Dodging        | 2 |  2.0
Fighting       | |  1.3
Stealth        | |  0.4
Shields        | |  0.5
Spellcasting   | |  2.3

Action                   |  1- 3 |  4- 6 || total
-------------------------+-------+-------++-------
Melee: Unarmed           |   103 |    51 ||   154
       Tailslap          |    11 |    10 ||    21
       Headbutt          |     3 |     2 ||     5
       Kick              |     6 |     4 ||    10
       Staff             |       |    25 ||    25
 Cast: Beastly Appendage |    17 |     9 ||    26
       Sticks to Snakes  |       |     4 ||     4
Invok: Fungal Bloom      |     2 |     4 ||     6
  Use: Scroll            |     5 |     1 ||     6
       Potion            |     1 |     1 ||     2
 Stab: Sleeping          |     1 |       ||     1
       Distracted        |       |     1 ||     1
  Eat: Chunk             |     2 |     6 ||     8
Armor: Skin              |    33 |    25 ||    58
Dodge: Dodged            |    43 |    34 ||    77
Block: Shield            |    40 |    39 ||    79

Table legend:
 A = Non-vault XP
 B = Vault XP
 C = Vault XP percentage of total XP
 D = Non-vault monster count
 E = Vault monster count
 F = Vault count percentage of total count
                 A         B        C        D         E       F
            +---------+---------+-------+---------+---------+-------
      Total |     192 |       0 |   0.0 |      46 |       0 |   0.0
            +---------+---------+-------+---------+---------+-------
        D:1 |      29 |       0 |   0.0 |      20 |       0 |   0.0
        D:2 |      98 |       0 |   0.0 |      19 |       0 |   0.0
        D:3 |      65 |       0 |   0.0 |       7 |       0 |   0.0
            +---------+---------+-------+---------+---------+-------
